 Dungeon Sprint DCSS version 0.30-a0-802-gb92711bcdf (webtiles) character file.

Game seed: 16506273693720677239

970 sircluck the Grappler (level 7, -6/121 HPs)
             Began as a Troll Berserker on Feb 23, 2023.
             Was a Priest of Trog.
             Mangled by a soul eater (12 damage)
             ... summoned by a kobold demonologist
             ... in the Dungeon (Sprint I: "Red Sonja").
             The game lasted 00:03:01 (218 turns).

sircluck the Grappler (Troll Berserker)              Turns: 218, Time: 00:03:02

Health: -6/121     AC:  4    Str: 28    XL:     7   Next: 94%
Magic:  6/6        EV: 10    Int:  3    God:    Trog [***...]
Gold:   405        SH:  6    Dex:  9    Spells: 6/6 levels left

rFire   . . .      SeeInvis .      - Unarmed
rCold   . . .      Faith    .    j - +0 kite shield
rNeg    . . .      Spirit   .    a - +0 animal skin
rPois   .          Reflect  .    (helmet restricted)
rElec   .          Harm     .    (no cloak)
rCorr   .          Rampage  .    (gloves unavailable)
Will    .....      NoTele   +    (boots unavailable) Stlth
                                 (no amulet)
HPRegen 1.20/turn                (no ring)
MPRegen 0.10/turn                (no ring)

@: berserking, weakened, very quick
A: large, unfitting armour, claws 3, regeneration 1, shaggy fur 1, tough skin 1
a: Renounce Religion, Berserk, Trog's Hand


You were in the Dungeon.
You worshipped Trog.
Trog was most pleased with you.
You visited 1 branch You collected 405 gold pieces.

Inventory:

Armour
 a - a +0 animal skin (worn)
 j - a +0 kite shield (worn)
Wands
 h - a wand of charming (7)
 i - a wand of light (4)
Potions
 b - a potion of curing
 c - a potion of heal wounds
 d - a potion of haste
 e - 2 potions of magic


   Skills:
 + Level 8.5 Fighting
 + Level 7.8 Dodging
 + Level 0.4 Stealth
 + Level 11.3 Unarmed Combat
 + Level 2.5 Evocations


You had 6 spell levels left.
You didn't know any spells.
Your spell library was empty.

Dungeon Overview and Level Annotations

Branches:
Dungeon (1/1)

Altars:
Cheibriados
Dithmenos
Elyvilon
Fedhas
Gozag
Hepliaklqana
Kikubaaqudgha
Makhleb
Nemelex Xobeh
Okawaru
Qazlal
Ru
Sif Muna
Trog
Uskayaw
Vehumet
Wu Jian
Xom
Yredelemnul
Zin
The Shining One
Jiyva
Lugonu

Shops:
D *


Innate Abilities, Weirdness & Mutations

You are too large for most types of armour.
You have claws for hands.
Your natural rate of healing is unusually fast.
You are covered in fur. (AC +1)
You have tough skin. (AC +1)


Message History

You close the door.
You start resting.
A kobold demonologist opens the door.
It is wielding a +0 dagger.
You catch the helpless floating eye completely off-guard!
You mangle the floating eye!!
You kill the floating eye!
Trog accepts your kill.
Your Fighting skill increases to level 8!
You mangle the kobold demonologist!!
The kobold demonologist is heavily wounded.
The kobold demonologist hits you with a +0 dagger.
* * * LOW HITPOINT WARNING * * *
You mangle the kobold demonologist!!
You kill the kobold demonologist!
Trog accepts your kill.
Trog appreciates your killing of a magic user.
Your Unarmed Combat skill increases to level 11!
You scratch the kobold demonologist.
The kobold demonologist is lightly wounded.
The kobold demonologist casts a spell.
You barely miss the kobold demonologist.
The kobold demonologist is lightly wounded.
The kobold demonologist hits you but does no damage.
You block the soul eater's attack.
Aiming: Bolt of Light
Press: ? - help, Q - select action, (/) - cycle Shift-Dir - straight line, f - kobold demonologist
Aim: a kobold demonologist, wielding a +0 dagger and wearing a +0 robe (lightly wounded, 60% to hit)
The bolt of light hits the kobold demonologist!
The kobold demonologist is moderately wounded.
The kobold demonologist is blinded.
The kobold demonologist gestures wildly while chanting.
The soul eater draws from the surrounding life force!
* * * LOW HITPOINT WARNING * * *
A red film seems to cover your vision as you go berserk!
You feel yourself moving faster!
You feel mighty!
The kobold demonologist hits you with a +0 dagger.
* * * LOW HITPOINT WARNING * * *
The white imp disappears for a moment.
The soul eater hits you!
You die...

##########################
#<.#..'..#).'..#__#4.4.K3#
#..').#..)..#..+..'..#GK.#
#..#####'#####+#__####44.+
#..## #..#..5#)#### ####
#..#__####3@##.#
#..#_____##K#_.+
#⌠⌠#_.∩...'5.._#
####_..__##_.#'# #_____
##+#.# ###### ###


You could see a soul eater (summoned), a kobold demonologist (blind), an iron
imp (summoned) and an ufetubus (summoned).

Vanquished Creatures
  A kobold demonologist (D)
  A slime creature (D)
  A yak (D)
  A floating eye (D)
  An ogre (D)
  A jelly (D)
  Ijyb (D)
7 creatures vanquished.

Vanquished Creatures (collateral kills)
  Sigmund (D)
1 creature vanquished.

Grand Total: 8 creatures vanquished

Notes
Turn   | Place    | Note
-------+----------+-------------------------------------------
     0 | D        | sircluck the Troll Berserker began the quest for the Orb.
     0 | D        | Reached XP level 1. HP: 22/22 MP: 0/0
     1 | D        | Noticed Ijyb
    13 | D        | Killed Ijyb
    14 | D        | Reached skill level 4 in Unarmed Combat
    14 | D        | Reached XP level 2. HP: 23/31 MP: 1/1
    24 | D        | Noticed an ogre
    39 | D        | Noticed Sigmund
    75 | D        | Killed Sigmund
    75 | D        | Reached ** piety under Trog
    76 | D        | Reached skill level 5 in Fighting
    76 | D        | Reached skill level 5 in Dodging
    76 | D        | Reached skill level 7 in Unarmed Combat
    76 | D        | Reached skill level 1 in Evocations
    76 | D        | Reached XP level 3. HP: 44/44 MP: 2/2
    76 | D        | Reached XP level 4. HP: 52/52 MP: 3/3
    76 | D        | Reached XP level 5. HP: 59/59 MP: 4/4
    77 | D        | Killed an ogre
    78 | D        | Reached skill level 8 in Unarmed Combat
    93 | D        | Found a burning altar of Makhleb.
    93 | D        | Found a viscous altar of Jiyva.
    93 | D        | Found a shimmering altar of Xom.
    93 | D        | Found a corrupted altar of Lugonu.
    93 | D        | Noticed a slime creature
    98 | D        | Killed a slime creature
    99 | D        | Reached skill level 9 in Unarmed Combat
    99 | D        | Reached XP level 6. HP: 47/71 MP: 5/5
   100 | D        | Found an ornate altar of the Wu Jian Council.
   100 | D        | Found a shimmering blue altar of Sif Muna.
   102 | D        | Found a radiant altar of Vehumet.
   129 | D        | Found Bilef's General Store.
   129 | D        | Found an ancient bone altar of Kikubaaqudgha.
   129 | D        | Found a hazy altar of Hepliaklqana.
   129 | D        | Found a stormy altar of Qazlal.
   129 | D        | Found a hide-covered altar of Uskayaw.
   129 | D        | Found a blossoming altar of Fedhas.
   129 | D        | Found a bloodstained altar of Trog.
   129 | D        | Found an iron altar of Okawaru.
   129 | D        | Found a basalt altar of Yredelemnul.
   129 | D        | Found a glowing golden altar of the Shining One.
   129 | D        | Found a snail-covered altar of Cheibriados.
   129 | D        | Found a sacrificial altar of Ru.
   129 | D        | Found a glowing silver altar of Zin.
   129 | D        | Found a shadowy altar of Dithmenos.
   129 | D        | Found a white marble altar of Elyvilon.
   129 | D        | Noticed a yak
   137 | D        | Killed a yak
   137 | D        | Reached *** piety under Trog
   138 | D        | Reached skill level 10 in Unarmed Combat
   138 | D        | Reached XP level 7. HP: 60/79 MP: 6/6
   138 | D        | Found an opulent altar of Gozag.
   139 | D        | Found a sparkling altar of Nemelex Xobeh.
   185 | D        | Noticed a kobold demonologist
   185 | D        | Noticed a kobold demonologist
   186 | D        | Noticed an orange demon
   189 | D        | Noticed a chaos spawn
   190 | D        | Paralysed by a floating eye for 4 turns
   191 | D        | Noticed a hellwing
   193 | D        | Noticed a soul eater
   194 | D        | Noticed a hellwing
   214 | D        | Killed a kobold demonologist
   215 | D        | Reached skill level 11 in Unarmed Combat
   216 | D        | Noticed a soul eater
   218 | D        | HP: 6/121 [kobold demonologist/+0 dagger (5)]
   218 | D        | Mangled by a soul eater

Illustrated notes

Levels and vault maps discovered:
D:        dungeon_sprint_1 [red_sonja_temple_1, red_sonja_temple_small_1]

Skill      XL: |  1  2  3  4  5  6  7 |
---------------+----------------------+-----
Fighting       | 3 5 7 8 |  8.5
Dodging        | 3 5 6 7 |  7.8
Unarmed Combat | 4 7 9 10 11 | 11.3
Evocations     | 1 2 |  2.5
Stealth        | |  0.4

Action                     |  1- 3 |  4- 6 |  7- 9 || total
---------------------------+-------+-------+-------++-------
  Melee: Unarmed           |    13 |    15 |     7 ||    35
         Punch             |       |     1 |       ||     1
  Evoke: Wand              |     6 |       |     1 ||     7
    Use: Scroll            |       |       |     1 ||     1
         Potion            |       |       |     1 ||     1
   Stab: Distracted        |       |       |     1 ||     1
 Armour: Animal skin       |       |       |     5 ||     5
  Dodge: Dodged            |     7 |     5 |     2 ||    14
  Block: Kite shield       |       |       |     1 ||     1

Table legend: (Time is in decaauts)
 A = Elapsed time spent in this place.
 B = Non-inter-level travel time spent in this place.
 C = Inter-level travel time spent in this place.
 D = Time resting spent in this place.
 E = Time spent auto-exploring this place.
 F = Levels seen in this place.
 G = Mean time per level.
                   A        B        C        D        E       F      G
               +--------+--------+--------+--------+--------+-----+--------+
         Total |    214 |    214 |      0 |     24 |     10 |   1 |  214.0 |
       Dungeon |    214 |    214 |      0 |     24 |     10 |   1 |  214.0 |
               +--------+--------+--------+--------+--------+-----+--------+

Top non-repeatable levels by time:
       D: 214 daAuts
